 Dungeon Crawl Stone Soup version 0.30-a0-23-ge60ba3568b (webtiles) character file.

Game seed: 872428382582447465

77 scionoferis the Trooper (level 3, -1/30 HPs)
             Began as a Demigod Wanderer on Aug 24, 2022.
             Succumbed to Terence's poison
             ... on level 2 of the Dungeon.
             The game lasted 00:05:33 (2109 turns).

scionoferis the Trooper (Demigod Wanderer)          Turns: 2109, Time: 00:05:34

Health: -1/30      AC:  4    Str: 15    XL:     3   Next: 92%
Magic:  2/2        EV: 12    Int: 15    God:
Gold:   11         SH:  0    Dex: 14    Spells: 5/5 levels left

rFire   . . .      SeeInvis .    n - +1 dagger (antimagic)
rCold   + . .      Faith    .    c - orb {light}
rNeg    . . .      Spirit   .    o - +2 robe {rC+}
rPois   .          Reflect  .    (no helmet)
rElec   .          Harm     .    (no cloak)
rCorr   .          Rampage  .    (no gloves)
Will    .....                    (no boots)
Stlth   +.........               (no amulet)
HPRegen 0.10/turn                (no ring)
MPRegen 0.08/turn                (no ring)

@: mighty, lethally poisoned (-1 -> -11), attractive, glowing
A: high MP 1, forlorn, divine attributes
a: no special abilities


You were on level 2 of the Dungeon.
You visited 1 branch of the dungeon, and saw 2 of its levels.

You collected 11 gold pieces.

Inventory:

Hand Weapons
 a - a +0 club
 e - a +1 short sword of venom
 f - a +0 dagger
 n - a +1 antimagic dagger (weapon)
Missiles
 l - 2 boomerangs (quivered)
Armour
 c - an orb of light (worn)
 o - a +2 robe of cold resistance (worn)
Jewellery
 k - a ring of fire
Scrolls
 b - 2 scrolls of blinking
 d - 2 scrolls of fog
 g - a scroll of immolation {unknown}
 h - 2 scrolls of summoning {unknown}
 i - a scroll of vulnerability {unknown}
 j - a scroll of identify {unknown}
 m - 3 scrolls of teleportation {unknown}


   Skills:
 * Level 2.8 Fighting
 + Level 1.7 Armour
 + Level 1.7 Dodging
 * Level 1.8 Spellcasting
 - Level 2.6 Summonings
 - Level 1.7 Air Magic


You had 5 spell levels left.
You didn't know any spells.
Your spell library contained the following spells:

 Spells                   Type           Power      Damage    Failure   Level
 Summon Small Mammal      Summ           36%        N/A       8%          1
 Call Imp                 Summ           9%         N/A       12%         2
 Shock                    Conj/Air       16%        1d4       16%         1
 Mephitic Cloud           Conj/Pois/Air  3%         N/A       47%         3
 Summon Lightning Spire   Summ/Air       8%         N/A       65%         4


Dungeon Overview and Level Annotations

Branches:
Dungeon (2/15)

Shops:
D:2 !


Innate Abilities, Weirdness & Mutations

You have an increased reservoir of magic. (+10% MP)
You shall have no god before yourself.
Your divine heritage dramatically boosts your attributes as you level up.


Message History

You hit the worm but do no damage.
The worm is almost dead.
The worm bites you.
You hit the worm.
You kill the worm!
You see here a +0 ring mail.
Terence the Incautious comes into view.
He is wielding a +1 short sword of venom.
Terence moves out of view.
You see here a +0 ring mail.
You feel very mighty all of a sudden.
You puncture Terence!
Terence is heavily wounded.
Terence hits you with a +1 short sword of venom!
You are poisoned.
You barely miss Terence.
Terence is heavily wounded.
You feel very sick.
Terence hits you with a +1 short sword of venom.
You are more poisoned.
You puncture Terence!
Terence is almost dead.
You feel very sick.
Terence hits you with a +1 short sword of venom.
You are lethally poisoned!
You hit Terence.
You kill Terence!
* * * LOW HITPOINT WARNING * * *
You feel very sick.
* * * LOW HITPOINT WARNING * * *
You feel very sick.
Things that are here:
a +1 short sword of venom; a +0 scale mail It was a potion of attraction.
You feel attractive to monsters.
* * * LOW HITPOINT WARNING * * *
You feel very sick.
e - a +1 short sword of venom
* * * LOW HITPOINT WARNING * * *
You feel sick.
You die...

#.##. ..#..# # #....
..#.. .# #.#..#@ ....
.# #......#..# .####
#.#.......# ### ....
#.#......##.... ..####.
#.#####.....#
.......####.#####[....#
................@.....#
.......#.......##.....#
.......#.#...#.##.....#
..#### #.#...#.########
..######.#...#.#
.........#.###.#
...#####.#.###.##
##.#####..........
......##.#.###.###


There were no monsters in sight!

Vanquished Creatures
  Jessica (D:2)
  Terence (D:2)
  A worm (D:2)
  5 bats
  An endoplasm (D:2)
  4 goblins
  A hobgoblin (D:2)
  2 jackals (D:1)
  3 ball pythons
  3 kobolds (D:1)
  4 rats
26 creatures vanquished.

Notes
Turn   | Place    | Note
-------+----------+-------------------------------------------
     0 | D:1      | scionoferis the Demigod Wanderer began the quest for the
                  | Orb.
     0 | D:1      | scionoferis set off with the following items: a +0 club, a
                  | scroll of blinking, a +0 robe, a scroll of fog; and the
                  | following spells available to memorise: Summon Small
                  | Mammal, Call Imp, Shock, Mephitic Cloud, Summon Lightning
                  | Spire.
     0 | D:1      | Reached XP level 1. HP: 17/17 MP: 4/4
   718 | D:1      | Reached XP level 2. HP: 18/24 MP: 6/6
  1335 | D:2      | Found Rydohy's Distillery.
  1424 | D:2      | Noticed Jessica
  1547 | D:2      | Killed Jessica
  1548 | D:2      | Reached XP level 3. HP: 5/30 MP: 3/7
  2092 | D:2      | Noticed Terence
  2105 | D:2      | Killed Terence
  2108 | D:2      | HP: 1/30 [poisoned by Terence]
  2109 | D:2      | Succumbed to Terence's poison

Illustrated notes

Levels and vault maps discovered:
D:1:      minmay_arrival_open_corners, layout_rooms
D:2:      layout_loops_cross, dilly_ecumenical_altar_fadedgnrine, serial_shops,
          nicolae_shop_crystal, minmay_hexomino_c4, uniq_terence, uniq_jessica

Skill      XL: |  1 |
---------------+----+-----
Fighting       | 2 |  2.8
Armour         | |  1.7
Dodging        | |  1.7
Spellcasting   | |  1.8
Summonings     | |  2.6
Air Magic      | |  1.7

Action                   || total
-------------------------++-------
Melee: Club              ||   116
       Dagger            ||    39
  Use: Potion            ||     3
 Stab: Sleeping          ||     1
Armor: Robe              ||    51
Dodge: Dodged            ||   108

Table legend: (Time is in decaauts)
 A = Elapsed time spent in this place.
 B = Non-inter-level travel time spent in this place.
 C = Inter-level travel time spent in this place.
 D = Time resting spent in this place.
 E = Time spent auto-exploring this place.
 F = Levels seen in this place.
 G = Mean time per level.
                   A        B        C        D        E       F      G
               +--------+--------+--------+--------+--------+-----+--------+
         Total |   2143 |   2097 |     46 |    822 |    868 |   2 | 1071.5 |
       Dungeon |   2143 |   2097 |     46 |    822 |    868 |   2 | 1071.5 |
               +--------+--------+--------+--------+--------+-----+--------+

Top non-repeatable levels by time:
     D:1: 1585 daAuts
     D:2: 557 daAuts
